AoeStats
← john f kennedy

Highland

505967704Analyzed
4v4 RM · 21d ago on Sep 11, 2026· 27m 14s· 8 players
Game mode
Random Map
Map size
Large (8 player)
Population
200
Speed
Normal
Resources
Standard
Victory
Conquest
Starting age
Dark Age
Ending age
Imperial Age
RankedLock teamsTeams togetherTeam positionsShared explorationLock speedFull tech treeHidden civsTurbo modeCheats
Victory
Defeat
🇩🇰 Sicilians · Denmark
963
+17
🇩🇰 Sicilians · Denmark
953
+18
🇨🇱 Mongols · Chile
940
+18
🇩🇰 Sicilians · Denmark
850
+21
🇲🇽 Lithuanians · Mexico
1004
-19
🇬🇷 Vikings · Greece
997
-19
🇬🇷 Franks · Greece
978
-18
🇭🇷 Slavs · Croatia
972
-18
Iquinteroe23
0:29 Loom
12:17 Feudal Age
13:07 Man-at-Arms
13:35 Arson
16:11 Scale Mail Armor
17:53 Forging
21:33 Horse Collar
dropshot
0:33 Loom
13:00 Feudal Age
15:03 Gold Mining
15:00 Horse Collar
15:09 Double-Bit Axe
15:46 Man-at-Arms
19:02 Fishing Lines
19:39 Forging
20:22 Scale Mail Armor
Gladiator
3:01 Loom
12:07 Feudal Age
18:39 Wheelbarrow
gtzilas
3:39 Loom
13:23 Feudal Age
14:07 Double-Bit Axe
18:57 Town Watch
20:17 Man-at-Arms
21:34 Arson
24:02 Scale Mail Armor
Ludi
8:57 Loom
11:23 Feudal Age
17:05 Double-Bit Axe
the._.voice
5:17 Loom
10:18 Feudal Age
11:17 Double-Bit Axe
18:19 Wheelbarrow
21:57 Castle Age
20:42 Bloodlines
26:37 Fletching
john f kennedy
13:14 Feudal Age
Krogx
9:02 Loom
14:53 Feudal Age
16:33 Double-Bit Axe
23:42 Wheelbarrow
22:48 Horse Collar
24:08 Gold Mining
24:09 Stone Mining
Connection lost

Rejoining the realm…

Still unreachable

The connection could not be restored.

Session expired

The server has moved on; the page needs a fresh start.